[Event "Titled Tuesday Blitz January 18 2022"]
[White "Sadhwani, Raunak"]
[Black "Sychev, Klementy"]
[WhiteFideId "35093487"]
[BlackFideId "4114060"]
[WhiteElo "2616"]
[BlackElo "2564"]
[Result "1-0"]
[Round "08"]
[TimeControl "180+1"]
[Date "2022.01.18"]
[WhiteClock "0:00:11"]
[BlackClock "0:00:02"]

1. e4 e5 2. Nf3 Nc6 3. Bb5 a6 4. Ba4 b5 5. Bb3 Na5 6. O-O d6 7. d4 exd4 8. Nxd4 Bb7 9. Bd2 Nxb3 10. Nxb3 Rb8 11. Na5 Ba8 12. Nc3 Nf6 13. Re1 Be7 14. Nd5 O-O 15. Bc3 Nxd5 16. exd5 Bf6 17. Bd4 c5 18. Bxf6 Qxf6 19. c3 Qg5 20. Nc6 Rbe8 21. Qd3 Kh8 22. g3 Bb7 23. b4 Qf6 24. Rad1 Rc8 25. Na5 Ba8 26. Re3 Rc7 27. a3 g6 28. h4 Kg7 29. h5 Rfc8 30. Qd2 cxb4 31. h6+ Kf8 32. cxb4 Rc2 33. Qe1 Qf5 34. Red3 Re8 35. Re3 Rxe3 36. Qxe3 Bxd5 37. Qb6 Qe4 38. Qd8+ Qe8 39. Qxe8+ Kxe8 40. Rxd5 Ke7 41. Rd3 Ke6 42. Nb7 Ke5 43. Nxd6 Rc7 44. Ne8 f5 45. Nxc7 1-0


[Site "https://www.chess.com"]

[Event "Titled Tuesday Blitz January 18 2022"]
[White "Salinas Herrera, Pablo"]
[Black "Ezat, Mohamed"]
[WhiteFideId "3407128"]
[BlackFideId "10600906"]
[WhiteElo "2541"]
[BlackElo "2386"]
[Result "1-0"]
[Round "08"]
[TimeControl "180+1"]
[Date "2022.01.18"]
[WhiteClock "0:00:28"]
[BlackClock "0:00:37"]

1. e4 c6 2. Nc3 d5 3. Nf3 Bg4 4. h3 Bh5 5. d3 e6 6. g3 Bb4 7. Bd2 Nf6 8. Qe2 d4 9. Nb1 Qb6 10. g4 Bg6 11. c3 dxc3 12. bxc3 Be7 13. Be3 Bc5 14. Bc1 Nbd7 15. Bg2 Qa6 16. Nbd2 Be7 17. a4 Nc5 18. Ne5 Bd6 19. Nec4 Be7 20. Ba3 O-O 21. d4 Ncxe4 22. Bxe7 Nxc3 23. Qf3 Nfd5 24. Bxf8 Rxf8 25. O-O f5 26. g5 f4 27. Rfe1 Bf5 28. Nd6 Bd3 29. Qg4 Ne2+ 30. Rxe2 Bxe2 31. Qxe6+ Kh8 32. Nf7+ Rxf7 33. Qe8+ Rf8 34. Qxf8# 1-0


[Site "https://www.chess.com"]

[Event "Titled Tuesday Blitz January 18 2022"]
[White "Samunenkov, Ihor"]
[Black "Samadov, Read"]
[WhiteFideId "14187086"]
[BlackFideId "13417444"]
[WhiteElo "2406"]
[BlackElo "2084"]
[Result "1-0"]
[Round "08"]
[TimeControl "180+1"]
[Date "2022.01.18"]
[WhiteClock "0:00:02"]
[BlackClock "0:00:02"]

1. d4 Nf6 2. c4 e6 3. Nc3 Bb4 4. e3 O-O 5. Bd2 d5 6. Nf3 b6 7. cxd5 exd5 8. Rc1 Bb7 9. Bd3 Be7 10. O-O c5 11. Ne5 Nc6 12. Ne2 Rc8 13. Bf5 Rc7 14. Nxc6 Bxc6 15. dxc5 Bxc5 16. Bc3 Ne4 17. Be5 Re7 18. Bd4 Bb5 19. Re1 Bxe2 20. Rxe2 Bxd4 21. Qxd4 g6 22. Bg4 Qd6 23. g3 Rd8 24. Bf3 Ng5 25. Bg2 Ne6 26. Qh4 Ng7 27. Rd1 Nf5 28. Qa4 d4 29. Red2 b5 30. Qa5 Rde8 31. Qxb5 Qf6 32. e4 Nd6 33. Qa6 Re6 34. Rxd4 Nxe4 35. Qf1 Ng5 36. R4d2 Nf3+ 37. Bxf3 Qxf3 38. Rd8 h5 39. Rxe8+ Rxe8 40. h4 Rb8 41. b3 Rb6 42. Qd3 Qg4 43. Qd8+ Kh7 44. Qd7 Qf3 45. Rd3 Qf6 46. Qd4 Qe6 47. Qd5 Qe1+ 48. Kg2 Re6 49. Rf3 Kg7 50. Qd4+ Kg8 51. Qd7 Re7 52. Qd8+ Kg7 53. Qd4+ Kg8 54. Re3 Rxe3 55. Qxe3 Qa5 56. Qe2 Qd5+ 57. Qf3 Qa5 58. a4 Qb6 59. Qd3 Qb7+ 60. Qf3 Qb6 61. Kh2 Kg7 62. Qe3 Qb7 63. Qd4+ Kg8 64. b4 a6 65. Qc5 Qe4 66. b5 Qxa4 67. b6 Qb3 68. Qc8+ Kg7 69. b7 Qb6 70. Kg2 Qf6 71. b8=Q Kh7 72. Qcb7 Qg7 73. Q8c7 g5 74. Qxf7 1-0


[Site "https://www.chess.com"]

[Event "Titled Tuesday Blitz January 18 2022"]
[White "Sanal, Vahap"]
[Black "Bacrot, Etienne"]
[WhiteFideId "6300545"]
[BlackFideId "605506"]
[WhiteElo "2603"]
[BlackElo "2673"]
[Result "0-1"]
[Round "08"]
[TimeControl "180+1"]
[Date "2022.01.18"]
[WhiteClock "0:00:04"]
[BlackClock "0:00:16"]

1. e4 c5 2. Nf3 d6 3. d4 cxd4 4. Nxd4 Nf6 5. Nc3 Nc6 6. Bg5 e6 7. Qd2 Be7 8. O-O-O a6 9. f4 Bd7 10. Nf3 b5 11. Bxf6 gxf6 12. Kb1 Qb6 13. Ne2 h5 14. h4 Rc8 15. Nfd4 Na5 16. b3 Nb7 17. Rh3 a5 18. Re3 Nc5 19. Ng3 b4 20. Be2 Qb7 21. Bf3 a4 22. Nxh5 axb3 23. cxb3 Rxh5 24. Bxh5 Nxe4 25. Qe2 Nc3+ 26. Rxc3 bxc3 27. Rc1 e5 28. Re1 Qb4 29. Nc2 Qxf4 30. Rf1 Qxh4 31. g4 d5 32. Qd3 Be6 33. Qh7 Kd7 34. Qd3 Qh2 35. Qb5+ Kd8 36. Rd1 Qg2 37. a4 Bd6 38. Qb6+ Ke7 39. Rg1 Qe4 40. Qe3 Qxe3 41. Nxe3 d4 42. Nf5+ Bxf5+ 43. gxf5 d3 0-1


[Site "https://www.chess.com"]

[Event "Titled Tuesday Blitz January 18 2022"]
[White "Seo, Jung Min"]
[Black "Karas, Marek"]
[WhiteFideId "1734687"]
[BlackFideId "14928558"]
[WhiteElo "2401"]
[BlackElo "2270"]
[Result "1-0"]
[Round "08"]
[TimeControl "180+1"]
[Date "2022.01.18"]
[WhiteClock "0:00:29"]
[BlackClock "0:00:01"]

1. c4 e5 2. Nc3 Nf6 3. Nf3 e4 4. Ng5 b5 5. Ngxe4 Nxe4 6. Nxe4 bxc4 7. e3 d5 8. Nc3 c6 9. b3 cxb3 10. axb3 Bd6 11. Be2 O-O 12. Ba3 Bxa3 13. Rxa3 Qd6 14. Ra1 Bf5 15. O-O Nd7 16. d4 h6 17. Na4 Rfb8 18. Rc1 Rb4 19. Bd3 Bxd3 20. Qxd3 Rab8 21. Rc3 a5 22. Rfc1 Qe7 23. h3 g6 24. Qa6 Rxb3 25. Qxa5 Rxc3 26. Qxc3 Rc8 27. Rb1 Qd6 28. Rc1 Rc7 29. Qc2 Kg7 30. g4 Nf6 31. Nc5 Nd7 32. Nxd7 Qxd7 33. Kg2 Qe6 34. Qe2 Qd6 35. Qf3 c5 36. dxc5 Rxc5 37. Rd1 Qe5 38. Rd4 Qe6 39. h4 Qe5 40. h5 g5 41. Qd1 Qe6 42. Qf3 Qf6 43. Qxf6+ Kxf6 44. Ra4 Rc6 45. Kf3 Ke5 46. Ra7 Rf6+ 47. Ke2 Ke6 48. Ra6+ Ke5 49. f4+ gxf4 50. Rxf6 Kxf6 51. exf4 Ke6 52. Ke3 f6 53. Kd4 Kd6 54. g5 fxg5 55. fxg5 hxg5 56. h6 Ke6 57. h7 1-0


[Site "https://www.chess.com"]

[Event "Titled Tuesday Blitz January 18 2022"]
[White "Shkapenko, Pavel"]
[Black "Khumalo, Keith"]
[WhiteFideId "4151933"]
[BlackFideId "14319470"]
[WhiteElo "2386"]
[BlackElo "1992"]
[Result "1-0"]
[Round "08"]
[TimeControl "180+1"]
[Date "2022.01.18"]
[WhiteClock "0:00:06"]
[BlackClock "0:01:00"]

1. e4 c5 2. c3 d5 3. exd5 Qxd5 4. d4 Nc6 5. Nf3 Nf6 6. Be2 Bg4 7. h3 Bh5 8. c4 Qd6 9. d5 Bxf3 10. Bxf3 Nd4 11. O-O g6 12. Be3 Nxf3+ 13. Qxf3 Bg7 14. Nc3 O-O 15. Nb5 Qd7 16. Bxc5 Rfc8 17. Bxa7 Rxc4 18. Qb3 Qxd5 19. Rfd1 Qe4 20. Bd4 Rac8 21. Re1 Qd5 22. Rad1 Qg5 23. Rxe7 Nh5 24. Re3 Nf4 25. Rg3 Ne2+ 26. Kh2 Nxg3 27. fxg3 Bxd4 28. Rxd4 Rxd4 29. Nxd4 Qe5 30. Qxb7 Rd8 31. Nc6 Qd6 32. Nxd8 Qxd8 33. a4 Qd2 34. b4 h5 35. Qb8+ Kg7 36. a5 Qd3 37. b5 h4 38. gxh4 Qe4 39. a6 f5 40. Qc7+ Kh6 41. a7 f4 42. Qc3 Qb7 43. Qh8+ Qh7 44. Qxh7+ Kxh7 45. a8=Q 1-0


[Site "https://www.chess.com"]

[Event "Titled Tuesday Blitz January 18 2022"]
[White "Sjoberg, Isak"]
[Black "Lorparizangeneh, Shahin"]
[WhiteFideId "1521640"]
[BlackFideId "12521604"]
[WhiteElo "2016"]
[BlackElo "2525"]
[Result "1-0"]
[Round "08"]
[TimeControl "180+1"]
[Date "2022.01.18"]
[WhiteClock "0:00:15"]
[BlackClock "0:00:17"]

1. e4 e5 2. Nf3 Nc6 3. d4 exd4 4. Nxd4 Nf6 5. Nc3 Nxe4 6. Nxe4 Qe7 7. Bd3 Nxd4 8. O-O d5 9. Bg5 Qd7 10. Ng3 Ne6 11. Re1 Bc5 12. Nf5 O-O 13. Qh5 g6 14. Nh6+ Kg7 15. Nf5+ gxf5 16. Qh6+ Kg8 17. Bxf5 f6 18. Bxe6+ Qxe6 19. Rxe6 Bxe6 20. Bxf6 Rf7 21. Re1 Bf5 22. h4 Raf8 23. Be5 Bg6 24. Re2 Rxf2 25. Qg7# 1-0


[Site "https://www.chess.com"]

[Event "Titled Tuesday Blitz January 18 2022"]
[White "Sokolovsky, Yahli"]
[Black "Pakleza, Zbigniew"]
[WhiteFideId "2820242"]
[BlackFideId "1119290"]
[WhiteElo "1770"]
[BlackElo "2467"]
[Result "0-1"]
[Round "08"]
[TimeControl "180+1"]
[Date "2022.01.18"]
[WhiteClock "0:00:03"]
[BlackClock "0:00:42"]

1. b3 d5 2. Bb2 Nf6 3. e3 Bf5 4. d4 e6 5. Nf3 Nbd7 6. h3 c6 7. Be2 h6 8. O-O Be7 9. Nbd2 O-O 10. Ne5 Nxe5 11. dxe5 Nd7 12. c4 Nc5 13. cxd5 cxd5 14. Nf3 Qb6 15. Nd4 Bg6 16. Kh2 Rfc8 17. f4 Ne4 18. Bd3 a5 19. g4 Bh7 20. f5 Bg5 21. Qe2 a4 22. Bxe4 dxe4 23. fxe6 fxe6 24. Rac1 axb3 25. axb3 Kh8 26. Qf2 Bg8 27. Qg2 Bxe3 28. Rcd1 Ra2 0-1


[Site "https://www.chess.com"]

[Event "Titled Tuesday Blitz January 18 2022"]
[White "Sviridov, Valery"]
[Black "Fawzy, Adham"]
[WhiteFideId "4120680"]
[BlackFideId "10613129"]
[WhiteElo "2454"]
[BlackElo "2510"]
[Result "1-0"]
[Round "08"]
[TimeControl "180+1"]
[Date "2022.01.18"]
[WhiteClock "0:00:30"]
[BlackClock "0:00:01"]

1. Nf3 c5 2. c4 Nc6 3. g3 g6 4. Bg2 Bg7 5. Nc3 e5 6. O-O Nge7 7. Ne1 O-O 8. Nc2 d6 9. Rb1 Be6 10. Ne3 Qd7 11. a3 Bh3 12. b4 Bxg2 13. Kxg2 b6 14. d3 f5 15. Bd2 f4 16. Ned5 Nd4 17. Nxe7+ Qxe7 18. Nd5 Qb7 19. f3 g5 20. Bc3 Nc6 21. g4 Ne7 22. Nxe7+ Qxe7 23. bxc5 dxc5 24. a4 e4 25. Bxg7 exf3+ 26. exf3 Qxg7 27. a5 bxa5 28. Rb5 Qd4 29. Qa1 Qxd3 30. Rxc5 h6 31. Rc6 Qh7 32. Qxa5 Rac8 33. Ra6 Rf7 34. Qd5 Qc2+ 35. Rf2 Qxc4 36. Qd6 Rh7 37. Qg6+ Kh8 38. Re6 a5 39. Rfe2 Rg7 40. Qxh6+ Kg8 41. Qh5 Rf8 42. Re7 Qc3 43. Re8 Qc6 44. R8e5 Qg6 45. Qxg6 Rxg6 46. Rxa5 Rf7 47. Re8+ Kh7 48. Ree5 Kh6 49. h4 gxh4 50. Rh5+ Kg7 51. Raf5 Rd7 52. Rxf4 Rd2+ 53. Kh3 Rd1 54. Rxh4 Rh1+ 55. Kg3 Rg1+ 56. Kf2 Ra1 57. Rh5 Rc6 58. Rg5+ Kh6 59. Re5 Rc2+ 60. Re2 Rcc1 61. Rf5 Kg6 62. Re6+ Kg7 63. Kg3 1-0


[Site "https://www.chess.com"]

[Event "Titled Tuesday Blitz January 18 2022"]
[White "Tania, Sachdev"]
[Black "Aradhya, Garg"]
[WhiteFideId "5007844"]
[BlackFideId "25006746"]
[WhiteElo "2280"]
[BlackElo "2169"]
[Result "0-1"]
[Round "08"]
[TimeControl "180+1"]
[Date "2022.01.18"]
[WhiteClock "0:00:32"]
[BlackClock "0:01:20"]

1. d4 d5 2. c4 c6 3. Nf3 Nf6 4. Nc3 dxc4 5. a4 Bf5 6. Ne5 Nbd7 7. Nxc4 Nb6 8. Ne5 a5 9. f3 Nfd7 10. e4 Nxe5 11. exf5 Ned7 12. Bd3 g6 13. O-O Bg7 14. Be3 O-O 15. Bc2 Nf6 16. Bf2 Nfd5 17. fxg6 hxg6 18. Ne4 Nc4 19. Qc1 Nb4 20. b3 Nd6 21. Rd1 Rc8 22. Nc5 b6 23. Nd3 Nxc2 24. Qxc2 Nf5 25. Ne5 Qd5 26. Qe4 Qxe4 27. fxe4 Nd6 28. Nd7 Rfd8 29. Nxb6 Rb8 30. Nc4 Nxc4 31. bxc4 c5 32. e5 cxd4 33. Rxd4 Bxe5 34. Rxd8+ Rxd8 35. Rb1 Bc3 36. Bc5 Rc8 37. Rc1 Bb2 38. Rc2 Rxc5 39. Rxb2 Rxc4 40. Ra2 f5 41. Kf2 Kf7 42. Ke3 Kf6 43. Kd3 Rb4 44. g3 g5 45. Kc3 g4 46. Ra1 e5 47. Kd3 f4 0-1


[Site "https://www.chess.com"]

[Event "Titled Tuesday Blitz January 18 2022"]
[White "Terletsky, Oleg"]
[Black "Hardaway, Brewington"]
[WhiteFideId "14116774"]
[BlackFideId "30941849"]
[WhiteElo "2050"]
[BlackElo "1768"]
[Result "0-1"]
[Round "08"]
[TimeControl "180+1"]
[Date "2022.01.18"]
[WhiteClock "0:00:03"]
[BlackClock "0:01:28"]

1. e4 c6 2. d4 d5 3. Nc3 dxe4 4. Nxe4 g6 5. Nf3 Bg7 6. h3 Nf6 7. Bd3 O-O 8. O-O Nbd7 9. Re1 Nxe4 10. Bxe4 c5 11. c3 Nf6 12. Bc2 cxd4 13. Nxd4 b6 14. Qf3 Bd7 15. Bf4 e6 16. Rad1 Nd5 17. Bd6 Re8 18. c4 Ne7 19. b3 Rc8 20. Be5 Rc5 21. Bxg7 Kxg7 22. Qc3 Kg8 23. Nf3 Nd5 24. Qd4 Nb4 25. Bb1 Re7 26. Ne5 Nc6 27. Nxc6 Rxc6 28. Be4 Rc5 29. Rd2 e5 30. Qe3 f5 31. Bd5+ Kg7 32. Qg5 h6 33. Qh4 g5 34. Qg3 f4 35. Qc3 Qc7 36. Qb2 a5 37. Rde2 Kf6 38. h4 b5 39. hxg5+ hxg5 40. Re4 bxc4 41. Bxc4 Bf5 42. R4e2 g4 43. Qa1 f3 44. Re3 fxg2 45. Qc3 Rh7 46. Rxe5 Rxe5 47. f4 gxf3 48. Re3 Rh1+ 0-1


[Site "https://www.chess.com"]

[Event "Titled Tuesday Blitz January 18 2022"]
[White "Tregubov, Pavel V."]
[Black "Svane, Frederik"]
[WhiteFideId "4115341"]
[BlackFideId "12923044"]
[WhiteElo "2341"]
[BlackElo "2459"]
[Result "0-1"]
[Round "08"]
[TimeControl "180+1"]
[Date "2022.01.18"]
[WhiteClock "0:01:23"]
[BlackClock "0:00:06"]

1. e4 c5 2. Nf3 d6 3. Bb5+ Bd7 4. Bxd7+ Qxd7 5. O-O Nc6 6. c3 d5 7. exd5 Qxd5 8. d4 e6 9. c4 Qxc4 10. Na3 Qd5 11. Nb5 O-O-O 12. Bf4 cxd4 13. Rc1 Qxb5 14. Nxd4 Qb6 15. Nxc6 Rxd1 16. Nxa7+ Kd7 17. Rfxd1+ Ke8 18. Rc8+ Ke7 19. Rc7+ Kf6 20. Nc8 Qxb2 21. h4 h5 22. Rdd7 Kg6 23. Rxf7 Nf6 24. f3 Qd4+ 25. Kh1 Qxf4 26. Rxb7 Qxh4+ 27. Kg1 Qd4+ 28. Kh2 Qh4+ 29. Kg1 Bc5+ 0-1


[Site "https://www.chess.com"]

[Event "Titled Tuesday Blitz January 18 2022"]
[White "Tsyhanchuk, Stanislav"]
[Black "Klimciauskas, Domantas"]
[WhiteFideId "13505130"]
[BlackFideId "12802999"]
[WhiteElo "2078"]
[BlackElo "2255"]
[Result "1-0"]
[Round "08"]
[TimeControl "180+1"]
[Date "2022.01.18"]
[WhiteClock "0:00:09"]
[BlackClock "0:00:01"]

1. e4 g6 2. d4 Bg7 3. Nc3 d5 4. exd5 Nf6 5. Bc4 Nbd7 6. Bb3 Nb6 7. Qf3 Bg4 8. Qg3 Bf5 9. Qf3 Bg4 10. Qd3 Bf5 11. Qb5+ Bd7 12. Qe2 Bf5 13. h3 Nfxd5 14. Nxd5 Nxd5 15. Qb5+ c6 16. Qxb7 O-O 17. Nf3 Be4 18. Qxc6 Rc8 19. Qa4 Qb6 20. c3 Bxf3 21. gxf3 Rfd8 22. Bd2 Qe6+ 23. Kf1 Qf5 24. Kg2 a5 25. Rae1 Nf4+ 26. Bxf4 Qxf4 27. Qxa5 e5 28. dxe5 Qg5+ 29. Kf1 Rd2 30. Qa7 Rf8 31. e6 Qh4 32. exf7+ Kh8 33. Re8 Rd8 34. Qe3 Qf6 35. Rxd8 Qxd8 36. Kg2 Qh4 37. Rd1 Bh6 38. Qe4 Qg5+ 39. Qg4 Qf6 40. Rd4 Bg7 41. Re4 Qb6 42. Re8 Qd6 43. Rxf8+ Qxf8 44. Qe6 Qd8 45. Qe8+ Qxe8 46. fxe8=Q+ 1-0


[Site "https://www.chess.com"]

[Event "Titled Tuesday Blitz January 18 2022"]
[White "Vignesh, N R"]
[Black "Koelle, Tobias"]
[WhiteFideId "25012215"]
[BlackFideId "16207378"]
[WhiteElo "2395"]
[BlackElo "2541"]
[Result "1-0"]
[Round "08"]
[TimeControl "180+1"]
[Date "2022.01.18"]
[WhiteClock "0:00:40"]
[BlackClock "0:01:18"]

1. d4 Nf6 2. c4 g6 3. Nc3 Bg7 4. Nf3 O-O 5. g3 c5 6. Bg2 Nc6 7. O-O d6 8. dxc5 dxc5 9. Be3 Qa5 10. Qa4 Be6 11. Rac1 b6 12. Qxc6 Bxc4 13. Ne5 Be6 14. Qb7 Rab8 15. Qxe7 Rfe8 16. Qc7 Rbc8 17. Qb7 Rb8 18. Qf3 Qa6 19. a4 Rbd8 20. Qb7 Qxb7 21. Bxb7 Bh3 22. Nc4 Bxf1 23. Kxf1 Ng4 24. h3 Nxe3+ 25. Nxe3 Bh6 26. Rd1 Bxe3 27. fxe3 Rxd1+ 28. Nxd1 Re7 29. Bd5 Kg7 30. e4 a6 31. Nc3 Kf6 32. Bc4 a5 33. Nd5+ Ke5 34. Nxe7 Kxe4 35. Bxf7 Ke3 36. Nd5+ Kd2 37. Nxb6 Kc1 38. Nc4 1-0


[Site "https://www.chess.com"]

[Event "Titled Tuesday Blitz January 18 2022"]
[White "Villalba, Marcelo"]
[Black "Visakh N R"]
[WhiteFideId "3701859"]
[BlackFideId "25012223"]
[WhiteElo "2169"]
[BlackElo "2454"]
[Result "1-0"]
[Round "08"]
[TimeControl "180+1"]
[Date "2022.01.18"]
[WhiteClock "0:00:59"]
[BlackClock "0:01:36"]

1. e4 b6 2. d4 Bb7 3. Bd3 e6 4. Nf3 c5 5. c3 Nc6 6. a3 Nge7 7. O-O cxd4 8. cxd4 d5 9. e5 Ng6 10. b4 Be7 11. g3 O-O 12. h4 Re8 13. Re1 Rc8 14. Nbd2 b5 15. Nb3 a5 16. Nc5 Qb6 17. h5 Nf8 18. Bd2 axb4 19. axb4 Ra8 20. h6 g6 21. Qe2 Na7 22. Bg5 Bxg5 23. Nxg5 Nc6 24. Qf3 f5 25. exf6 1-0


[Site "https://www.chess.com"]

[Event "Titled Tuesday Blitz January 18 2022"]
[White "Vlassov, Nikolai"]
[Black "Prydun, Andriy"]
[WhiteFideId "4103360"]
[BlackFideId "14145898"]
[WhiteElo "2407"]
[BlackElo "2047"]
[Result "1-0"]
[Round "08"]
[TimeControl "180+1"]
[Date "2022.01.18"]
[WhiteClock "0:00:11"]
[BlackClock "0:00:01"]

1. e4 Nh6 2. d4 c6 3. Bxh6 gxh6 4. Bc4 Na6 5. Qh5 e6 6. Nc3 Qg5 7. Qf3 Nc7 8. e5 Bb4 9. Ne2 b5 10. Bd3 Nd5 11. O-O f5 12. exf6 Nxf6 13. a4 Bb7 14. axb5 O-O-O 15. Rxa7 Rhg8 16. Rfa1 Rdf8 17. Rxb7 Kxb7 18. bxc6+ dxc6 19. Ne4 Qh4 20. g3 Nd7 21. Qg2 Qg4 22. c3 Be7 23. h3 Qf3 24. Qxf3 Rxf3 25. Bc4 Rg6 26. Kg2 Rf5 27. g4 e5 28. N4g3 Rf8 29. Bd3 Rg7 30. Nf5 Rgf7 31. Neg3 exd4 32. cxd4 Bf6 33. b4 Bh8 34. f3 Nb6 35. Be4 Nd5 36. b5 Rc7 37. bxc6+ Kxc6 38. Ra6+ Kb5 39. Rxh6 Nc3 40. d5 Kb4 41. d6 Rd7 42. Bc6 Rdd8 43. d7 Nd1 44. Ne4 1-0


[Site "https://www.chess.com"]

[Event "Titled Tuesday Blitz January 18 2022"]
[White "Vovk, Orest"]
[Black "Chigaev, Maksim"]
[WhiteFideId "14113490"]
[BlackFideId "4108116"]
[WhiteElo "2203"]
[BlackElo "2502"]
[Result "0-1"]
[Round "08"]
[TimeControl "180+1"]
[Date "2022.01.18"]
[WhiteClock "0:00:01"]
[BlackClock "0:00:39"]

1. h4 d5 2. h5 h6 3. e4 dxe4 4. Nc3 Nf6 5. Qe2 Bf5 6. Qb5+ Bd7 7. Qxb7 Nc6 8. Bb5 Rb8 9. Qxc6 Bxc6 10. Bxc6+ Nd7 11. Nxe4 Rb6 12. Ba4 Re6 13. d3 f5 14. Bb3 Nc5 15. Bxe6 Nxe6 16. Nc3 Nd4 17. Kd1 e5 18. Nf3 Nxf3 19. gxf3 Bb4 20. Bd2 O-O 21. Ke2 Kh7 22. Rag1 Be7 23. Rg6 Rf6 24. Rxf6 Bxf6 25. Rg1 Qd4 26. Rg6 c6 27. f4 exf4 28. Kf3 Qb6 29. Ne2 Qxb2 30. Nxf4 Qxc2 31. Be3 Qxa2 32. d4 a5 33. Ne2 Qd5+ 34. Kg3 a4 35. Bxh6 a3 36. Nf4 Qb3+ 37. Kg2 a2 38. Bxg7 Bxg7 39. Rxc6 a1=Q 0-1


[Site "https://www.chess.com"]

[Event "Titled Tuesday Blitz January 18 2022"]
[White "Weishaeutel, Moritz"]
[Black "Krivonosov, Oleg"]
[WhiteFideId "12967300"]
[BlackFideId "11600349"]
[WhiteElo "2002"]
[BlackElo "2455"]
[Result "1/2-1/2"]
[Round "08"]
[TimeControl "180+1"]
[Date "2022.01.18"]
[WhiteClock "0:00:02"]
[BlackClock "0:00:03"]

1. e4 e5 2. Nf3 Nc6 3. Nc3 Nf6 4. a3 g6 5. d4 exd4 6. Nxd4 Bg7 7. Nxc6 bxc6 8. e5 Qe7 9. f4 d6 10. Qf3 Bb7 11. Bb5 cxb5 12. Qxb7 O-O 13. O-O dxe5 14. fxe5 Qxe5 15. Qxb5 Qxb5 16. Nxb5 Ne4 17. Re1 f5 18. Nxc7 Rab8 19. Ne6 Rfc8 20. Nxg7 Kxg7 21. c3 a5 22. b4 Kf7 23. Bf4 Rb7 24. a4 Rxc3 25. b5 Rc4 26. Rec1 Rb4 27. Rc7+ Rxc7 28. Bxc7 Ke6 29. Bxa5 Rb2 30. Be1 Kd5 31. Rd1+ Kc4 32. Rd7 Nc5 33. Rc7 Kd5 34. Rxh7 Nd3 35. Re7 Rb1 36. Kf1 f4 37. Re8 g5 38. Rd8+ Ke4 39. Re8+ Kd5 40. Re7 Kd4 41. Re8 Kd5 1/2-1/2


[Site "https://www.chess.com"]

[Event "Titled Tuesday Blitz January 18 2022"]
[White "Wong, Yinn Long"]
[Black "Kim, Sergey"]
[WhiteFideId "5707684"]
[BlackFideId "13700570"]
[WhiteElo "2055"]
[BlackElo "2587"]
[Result "1-0"]
[Round "08"]
[TimeControl "180+1"]
[Date "2022.01.18"]
[WhiteClock "0:00:14"]
[BlackClock "0:00:18"]

1. d4 Nf6 2. Bf4 g6 3. Nc3 d6 4. e4 c6 5. Bd3 Qc7 6. Nf3 Nbd7 7. O-O e5 8. Bg5 Bg7 9. Qd2 O-O 10. Rad1 Re8 11. Rfe1 a5 12. a4 Nf8 13. h3 Ne6 14. Be3 Nh5 15. Bf1 Nef4 16. g4 Nf6 17. Bxf4 exf4 18. Qxf4 Nd7 19. Bg2 Nf8 20. e5 dxe5 21. Nxe5 Ne6 22. Qg3 Nxd4 23. Rxd4 Rxe5 24. Red1 Be6 25. f4 Rc5 26. Re4 Rd8 27. Rd3 Rxd3 28. Qxd3 Bxc3 29. bxc3 Rd5 30. Rd4 Rxd4 31. Qxd4 Qe7 32. Qe5 Qa3 33. Qb8+ Kg7 34. Qe5+ Kg8 35. f5 Qc1+ 36. Kh2 gxf5 37. gxf5 Bd5 38. f6 h6 39. Bxd5 1-0


[Site "https://www.chess.com"]

[Event "Titled Tuesday Blitz January 18 2022"]
[White "Xiong, Jeffery"]
[Black "Oparin, Grigoriy"]
[WhiteFideId "2047640"]
[BlackFideId "24125890"]
[WhiteElo "2727"]
[BlackElo "2685"]
[Result "1-0"]
[Round "08"]
[TimeControl "180+1"]
[Date "2022.01.18"]
[WhiteClock "0:00:55"]
[BlackClock "0:00:05"]

1. Nf3 Nf6 2. c4 e6 3. b3 d5 4. Bb2 c5 5. e3 Nc6 6. cxd5 exd5 7. Be2 d4 8. Bb5 Bd7 9. O-O Be7 10. exd4 Nxd4 11. Nxd4 cxd4 12. Bxd7+ Qxd7 13. Na3 O-O 14. Nc4 b5 15. Ne5 Qd5 16. Re1 Rfe8 17. Qf3 Bd6 18. Qxd5 Nxd5 19. Nd3 Nb4 20. Rxe8+ Rxe8 21. Nxb4 Bxb4 22. Bxd4 Bxd2 23. Bxa7 Bc3 24. Rc1 Bb2 25. Rd1 f6 26. Kf1 Re6 27. Rd8+ Kf7 28. Rd7+ Kg6 29. Bc5 Rc6 30. b4 Ra6 31. Rb7 Rxa2 32. Rxb5 Be5 33. g3 h5 34. Rb7 Rb2 35. h4 f5 36. Be3 f4 37. gxf4 Bf6 38. b5 Bxh4 39. b6 Bf6 40. Rc7 Kf5 41. b7 Kg4 42. Ba7 1-0


[Site "https://www.chess.com"]

[Event "Titled Tuesday Blitz January 18 2022"]
[White "Yang, Kaiqi"]
[Black "Weetik, Vjacheslav"]
[WhiteFideId "8604398"]
[BlackFideId "4153472"]
[WhiteElo "2373"]
[BlackElo "2469"]
[Result "0-1"]
[Round "08"]
[TimeControl "180+1"]
[Date "2022.01.18"]
[WhiteClock "0:00:03"]
[BlackClock "0:00:16"]

1. c4 e5 2. Nc3 Bb4 3. Nd5 a5 4. Nf3 d6 5. e3 c6 6. Nxb4 axb4 7. d4 e4 8. Nd2 f5 9. Qb3 c5 10. a3 Nc6 11. d5 Ne5 12. Ra2 bxa3 13. Rxa3 Rxa3 14. bxa3 Nf6 15. Bb2 O-O 16. Be2 Nfg4 17. O-O Qh4 18. h3 Nh6 19. Bxe5 dxe5 20. Qb6 f4 21. exf4 Qxf4 22. Nb3 Nf5 23. Nxc5 Nd4 24. Bd1 e3 25. Qb2 Rf6 26. Ne6 Bxe6 27. dxe6 Rxe6 28. fxe3 Qxe3+ 29. Qf2 Qxf2+ 30. Rxf2 e4 31. Rb2 b6 32. Kf2 e3+ 33. Ke1 Kf7 34. Bg4 Rc6 35. Be2 Kf6 36. Bd3 g6 37. a4 Ke5 38. Ra2 Rc5 39. Rb2 Ra5 40. Rxb6 Rxa4 41. c5 Ra1+ 42. Rb1 Ra2 43. Rc1 Rxg2 44. c6 Rg1+ 45. Bf1 e2 46. c7 Rxf1+ 47. Kd2 Rxc1 48. Kxc1 e1=Q+ 0-1


[Site "https://www.chess.com"]

[Event "Titled Tuesday Blitz January 18 2022"]
[White "Yeletsky, Ivan"]
[Black "Yuan, Qingyu"]
[WhiteFideId "24180327"]
[BlackFideId "8609772"]
[WhiteElo "2348"]
[BlackElo "2359"]
[Result "0-1"]
[Round "08"]
[TimeControl "180+1"]
[Date "2022.01.18"]
[WhiteClock "0:00:01"]
[BlackClock "0:00:05"]

1. Nf3 d5 2. g3 c5 3. Bg2 Nc6 4. O-O e5 5. d3 Be7 6. e4 d4 7. a4 h5 8. Na3 h4 9. Nc4 hxg3 10. fxg3 Qc7 11. c3 Be6 12. cxd4 cxd4 13. b3 O-O-O 14. Bd2 Bxc4 15. bxc4 Kb8 16. a5 Nh6 17. a6 b6 18. c5 Bxc5 19. Bh3 f6 20. Qb3 Ka8 21. Rfc1 Nf7 22. Be6 Nd6 23. Rab1 Ne7 24. Bb4 Rb8 25. Nd2 Qc6 26. Qa3 Nb5 27. Bxc5 Nxa3 28. Bxe7 Qxe6 29. Bxa3 Rbc8 30. Nc4 Rc6 31. Rb5 Rhc8 32. Rd5 R6c7 33. Kg2 Qg4 34. Rc2 Qe6 35. Rd6 Qe8 36. Rd5 Qa4 37. Ra2 Qb3 38. Rb2 Qxd3 39. Nd6 Rc2+ 40. Rxc2 Qxc2+ 41. Kh3 d3 42. Nxc8 Qxc8+ 43. g4 Qxa6 44. Be7 Qc4 45. Rd8+ Kb7 46. Rd7+ Ka6 47. Bd6 Qxe4 48. Bb8 Kb5 49. Bxa7 d2 50. Bxb6 d1=Q 0-1


[Site "https://www.chess.com"]

[Event "Titled Tuesday Blitz January 18 2022"]
[White "Yoo, Christopher Woojin"]
[Black "Tsvetkov, Andrey"]
[WhiteFideId "30909694"]
[BlackFideId "34139360"]
[WhiteElo "2105"]
[BlackElo "2280"]
[Result "1-0"]
[Round "08"]
[TimeControl "180+1"]
[Date "2022.01.18"]
[WhiteClock "0:00:04"]
[BlackClock "0:00:07"]

1. e4 c5 2. Nf3 e6 3. c3 Nf6 4. e5 Nd5 5. d4 cxd4 6. cxd4 d6 7. Bc4 Be7 8. O-O O-O 9. Qe2 a6 10. exd6 Bxd6 11. Bg5 Be7 12. Bxe7 Nxe7 13. Nc3 b5 14. Bd3 Ng6 15. Be4 Ra7 16. Rfd1 Rd7 17. Qe3 Qe7 18. d5 Rfd8 19. Qb6 Qd6 20. Qa5 e5 21. a4 b4 22. Na2 Nc6 23. Qb6 Nd4 24. Qxd6 Nxf3+ 25. Bxf3 Rxd6 26. Nxb4 f5 27. Nc6 Re8 28. b4 e4 29. Be2 Nf4 30. Bc4 Bb7 31. b5 axb5 32. axb5 Kf8 33. Ra7 Bxc6 34. bxc6 Red8 35. c7 Rc8 36. Ba6 Rxa6 37. Rxa6 Rxc7 38. Ra8+ Kf7 39. d6 Rd7 40. Rc8 Nd3 41. Rc7 Ke6 42. Rxd7 Kxd7 43. Ra1 Kxd6 44. Ra7 g6 45. Rxh7 Ke5 46. h4 f4 47. Kf1 Kf5 48. Re7 Ne5 49. Ke2 Ng4 50. f3 exf3+ 51. gxf3 Ne5 52. Re8 Nf7 53. Rf8 Ke6 54. Kd3 Nd6 55. Rxf4 Ke5 56. Rg4 Nf5 57. Rxg6 Nxh4 58. Rg5+ Kf4 59. Rg4+ Kxf3 60. Rxh4 Kg3 61. Re4 Kf3 62. Re3+ 1-0


[Site "https://www.chess.com"]